 Dungeon Crawl Stone Soup version 0.17.1-3-g152610e (webtiles) character file.

8398 Shtopit the Thaumaturge (level 11, -2/82 HPs)
             Began as a Green Draconian Wizard on Apr 26, 2016.
             Was a High Priest of Vehumet.
             Slain by an ogre
             ... wielding a +0 giant spiked club
              (17 damage)
             ... on level 1 of the Orcish Mines on May 1, 2016.
             The game lasted 01:12:17 (12791 turns).

Shtopit the Thaumaturge (Green Draconian Wizard)   Turns: 12791, Time: 01:12:17

Health: -2/82      AC:  9    Str: 10    XL:     11   Next: 9%
Magic:  10/23      EV: 15    Int: 22    God:    Vehumet [*****.]
Gold:   773        SH:  0    Dex:  9    Spells: 10 memorised, 3 levels left

rFire  . . .     SeeInvis .     p - +2 dagger (venom)
rCold  . . .     Clarity  .     (armour unavailable)
rNeg   . . .     SustAt   .     (no shield)
rPois  +         Gourm    .     a - +1 hat
rElec  .         Spirit   .     l - +0 cloak
rCorr  .         Warding  .     (no gloves)
rMut   .         Stasis   .     (no boots)
MR     .....                    P - amulet of faith
Stlth  ++........               u - ring of flight
                                o - +1 ring of evasion

@: short of breath, flying, very slightly contaminated, not resistant to hostile
enchantments, unstealthy
A: breathe noxious fumes, unfitting armour, poison resistance, cold-blooded, AC
+7
a: Breathe Noxious Fumes, Renounce Religion, Stop Flying


You were on level 1 of the Orcish Mines.
You worshipped Vehumet.
Vehumet was extremely pleased with you.
You were very hungry.

You visited 3 branches of the dungeon, and saw 11 of its levels.

You collected 773 gold pieces.

Inventory:

Hand Weapons
 e - a +0 blowgun
 h - a +0 dagger
 p - a +2 dagger of venom (weapon)
 s - a +1 rapier
 w - a +1 dagger of venom
 E - a +2 dagger of venom
Missiles
 t - 259 stones (quivered)
 v - 30 poisoned needles
Armour
 a - a +1 hat (worn)
 l - a +0 cloak (worn)
 y - a +0 buckler
Magical Staves
 G - an uncursed staff of cold
Jewellery
 g - an uncursed ring of invisibility
 o - a +1 ring of evasion (left hand)
 u - a ring of flight (right hand)
 A - an uncursed amulet of guardian spirit
 P - an amulet of faith (around neck)
Wands
 J - a wand of magic darts (19)
 M - a wand of frost (29)
Scrolls
 f - 6 scrolls of remove curse
 k - 4 scrolls of teleportation
 n - a scroll of enchant weapon
 x - 2 scrolls of magic mapping
 B - 3 scrolls of recharging
 C - 2 scrolls of enchant armour
 F - 2 scrolls of immolation {unknown}
 I - a scroll of noise {unknown}
 O - 2 scrolls of vulnerability {unknown}
Potions
 i - a potion of flight {unknown}
 j - 2 potions of berserk rage {unknown}
 m - 2 potions of might {unknown}
 r - 2 potions of ambrosia {unknown}
 z - 2 potions of curing {unknown}
 H - a potion of magic {unknown}
 L - a potion of haste
 S - 3 potions of lignification {unknown}
Books
 b - a book of Minor Magic

   Spells                             Type                      Level
   a - Magic Dart                     Conjuration                  1
   b - Blink                          Translocation                2
   c - Call Imp                       Summoning                    2
   d - Repel Missiles                 Charms/Air                   2
   e - Slow                           Hexes                        2
   f - Conjure Flame                  Conjuration/Fire             3
   g - Mephitic Cloud                 Conjuration/Poison/Air       3
 D - Sif Muna's Catalogue of Transformation
   (You found it on level 6 of the Dungeon)

   Spells                             Type                      Level
   a - Beastly Appendage              Transmutation                1
 R - a book of Cantrips

   Spells                             Type                      Level
   a - Corona                         Hexes                        1
   b - Animate Skeleton               Necromancy                   1
   c - Summon Small Mammal            Summoning                    1
   d - Apportation                    Translocation                1
Comestibles
 c - 6 bread rations
 d - 3 meat rations
 q - a royal jelly
 K - 7 fruits
 N - 2 beef jerkies


   Skills:
 + Level 3.3 Fighting
 + Level 2.8 Short Blades
 + Level 0.8 Throwing
 + Level 6.0 Dodging
 + Level 4.8 Stealth
 + Level 8.3 Spellcasting
 + Level 6.1 Conjurations
 + Level 4.5 Summonings
 + Level 1.6 Translocations
 + Level 2.2 Fire Magic
 + Level 0.8 Ice Magic
 + Level 2.0 Air Magic
 + Level 5.4 Poison Magic
 * Level 6.9 Evocations


You had 3 spell levels left.
You knew the following spells:

 Your Spells              Type           Power        Failure   Level  Hunger
a - Magic Dart            Conj           ####         1%          1    None
b - Blink                 Tloc           N/A          8%          2    None
c - Call Imp              Summ           ####....     1%          2    None
d - Mephitic Cloud        Conj/Pois/Air  ####....     1%          3    None
e - Sting                 Conj/Pois      ####         1%          1    None
f - Freeze                Ice            ##..         2%          1    None
g - Conjure Flame         Conj/Fire      ####....     1%          3    None
h - Throw Flame           Conj/Fire      ####..       1%          2    None
i - Iskenderun's Mystic   Conj           #####...     2%          4    ###....
j - Throw Icicle          Conj/Ice       ###.....     4%          4    ###....


Dungeon Overview and Level Annotations

Branches:
Dungeon (9/15)             Temple (1/1) D:4            Lair (0/8) D:9
    Orc (1/4) D:9

Altars:
Ashenzari
Cheibriados
Fedhas
Gozag
Kikubaaqudgha
Makhleb
Okawaru
Qazlal
Ru
Sif Muna
Trog
Vehumet
Xom
Yredelemnul
Zin
The Shining One

Shops:
D:7 (


Innate Abilities, Weirdness & Mutations

You can breathe blasts of noxious fumes.
Your lurid green scales are hard (AC +7).
Your body does not fit into most forms of armour.
Your system is resistant to poisons.
You are cold-blooded and may be slowed by cold attacks.


Message History

a giant club x2
You catch the helpless two-headed ogre completely off-guard!
You puncture the two-headed ogre!
The two-headed ogre is poisoned.
You tail-slap the two-headed ogre, but do no damage.
The two-headed ogre is almost dead.
The ogre misses you.
You see here a giant spiked club.
You hit the two-headed ogre.
The two-headed ogre looks even sicker.
The two-headed ogre is almost dead.
You kill the two-headed ogre!
Vehumet accepts your kill.
You feel your power returning.
You hit the ogre.
The ogre is poisoned.
The ogre is lightly wounded.
The ogre hits you with a giant spiked club!
* * * LOW HITPOINT WARNING * * *
You completely miss the ogre.
The ogre is moderately wounded.
The ogre hits you with a giant spiked club!
You die...

.............##
.##≈≈.....###.#
##
.#≈≈≈≈..#####.#
.# .≈≈≈≈≈≈##
##.## #≈#
.#≈≈≈### #.##
#≈≈# )##≈≈# #.#
##≈≈## .##≈##
#≈# ###>...#
.[###
#≈###..O..#
.))#
##≈..#@)).#
..## ######))##
.## #### ## ##
.#### .##.##
.....# ....###


You could see an ogre.

Vanquished Creatures
  Erolcha (D:8)
  Erica (Orc:1)
  Pikel (D:4)
  Joseph (D:9)
  An elephant (D:9)
  A troll (D:9)
  A slime creature (D:9)
  3 two-headed ogres (Orc:1)
  4 yaks
  A hungry ghost (D:9)
  A steam dragon (D:9)
  Menkaure (D:6)
  A sky beast (D:5)
  Duvessa (D:6)
  6 orc warriors
  11 ogres
  An ice beast (D:8)
  2 centaurs
  A crocodile (D:9)
  A necrophage (D:7)
  Blork the orc (D:6)
  4 giant frogs
  Dowan (D:6)
  2 scorpions
  A quasit (D:8)
  4 crimson imps
  An electric eel (Orc:1)
  7 wights
  A centaur skeleton (D:4)
  3 hounds
  A gnoll shaman (D:5)
  6 orc priests
  7 orc wizards
  6 worker ants
  2 iguanas (D:9)
  A sheep (D:9)
  A hound zombie (D:7)
  2 hound skeletons
  2 worker ant zombies (D:5)
  7 adders
  11 gnolls
  A shadow imp (D:6)
  An adder zombie (D:8)
  2 worms (D:3)
  34 orcs
  4 bats
  5 goblins
  8 hobgoblins
  15 jackals
  3 quokkas
  3 giant cockroaches
  5 giant geckos
  5 giant newts
  A jackal skeleton (D:7)
  7 kobolds
  2 quokka skeletons (D:9)
  2 quokka zombies (D:7)
  10 rats
220 creatures vanquished.

Vanquished Creatures (collateral kills)
  Grinder (D:6)
  The ghost of DEFE the Ducker, an amateur DEFi (D:4)
  A wight (D:6)
  An orc priest (D:3)
  An orc wizard (D:3)
  6 adders
  An adder skeleton (D:4)
  A worm (D:3)
  10 orcs (D:3)
  A bat (D:3)
  A goblin (D:3)
  2 kobolds
  A giant gecko skeleton (D:4)
  2 jackals (D:2)
30 creatures vanquished.

Vanquished Creatures (others)
  A slave (D:8)
  A scorpion (D:9)
  2 hounds (D:9)
  A shadow imp (D:5)
  An orc (D:9)
6 creatures vanquished.

Grand Total: 256 creatures vanquished

Notes
Turn   | Place    | Note
--------------------------------------------------------------
     0 | D:1      | Shtopit the Draconian Wizard began the quest for the Orb.
     0 | D:1      | Reached XP level 1. HP: 14/14 MP: 4/4
   682 | D:1      | Reached XP level 2. HP: 20/20 MP: 4/6
   686 | D:1      | Learned a level 2 spell: Blink
  1308 | D:2      | Learned a level 2 spell: Call Imp
  1530 | D:2      | Reached XP level 3. HP: 4/27 MP: 0/8
  1656 | D:2      | Found a radiant altar of Vehumet.
  1671 | D:2      | Became a worshipper of Vehumet
  2255 | D:3      | Reached XP level 4. HP: 21/34 MP: 3/9
  3019 | D:3      | Reached skill level 4 in Spellcasting
  3054 | D:3      | Reached * piety under Vehumet
  3054 | D:3      | Offered knowledge of Sting by Vehumet.
  3067 | D:3      | Learned a level 3 spell: Mephitic Cloud
  3069 | D:3      | Learned a level 1 spell: Sting
  3427 | D:3      | Reached XP level 5. HP: 39/39 MP: 8/11
  3608 | D:3      | Found a blossoming altar of Fedhas.
  4071 | D:3      | Found a bloodstained altar of Trog.
  4234 | D:3      | Reached skill level 1 in Poison Magic
  4758 | D:4      | Reached XP level 6. HP: 46/46 MP: 3/12
  4887 | D:4      | Noticed a yak
  4898 | D:4      | Noticed a yak
  4905 | D:4      | Noticed a yak
  4908 | D:4      | Killed a yak
  4908 | D:4      | Reached skill level 5 in Spellcasting
  4964 | D:4      | Found a staircase to the Ecumenical Temple.
  4969 | D:4      | Killed a yak
  4969 | D:4      | Your scales start taking on a lurid green colour.
  4969 | D:4      | Gained mutation: Your system is resistant to poisons. [Green Draconian growth]
  4969 | D:4      | Reached XP level 7. HP: 8/51 MP: 3/14
  4973 | Temple   | Entered the Ecumenical Temple
  5226 | D:4      | Killed a yak
  5239 | D:4      | Offered knowledge of Freeze by Vehumet.
  5281 | D:4      | Reached ** piety under Vehumet
  5439 | D:4      | Found a sacrificial altar of Ru.
  5440 | D:4      | Noticed DEFE's ghost (amateur DEFi)
  5467 | D:4      | Killed DEFE's ghost
  5752 | D:5      | Entered Level 5 of the Dungeon
  5802 | D:5      | Reached skill level 6 in Spellcasting
  5811 | D:5      | Reached skill level 1 in Short Blades
  5819 | D:5      | Reached skill level 1 in Evocations
  5824 | D:5      | Noticed Pikel
  5831 | D:5      | Reached XP level 8. HP: 28/58 MP: 10/17
  5858 | D:4      | Killed Pikel
  5858 | D:4      | Reached skill level 1 in Fighting
  5887 | D:4      | Reached skill level 1 in Air Magic
  6844 | D:6      | Noticed Duvessa
  6844 | D:6      | Noticed Dowan
  6860 | D:6      | Killed Duvessa
  6868 | D:6      | Killed Dowan
  7053 | D:6      | Learned a level 1 spell: Freeze
  7057 | D:6      | Learned a level 3 spell: Conjure Flame
  7103 | D:6      | Offered knowledge of Throw Flame by Vehumet.
  7353 | D:6      | Found an opulent altar of Gozag.
  7409 | D:6      | Reached XP level 9. HP: 67/67 MP: 17/19
  7594 | D:6      | Found a deep blue altar of Sif Muna.
  7615 | D:6      | Identified Sif Muna's Catalogue of Transformation
  7643 | D:6      | Reached *** piety under Vehumet
  7675 | D:6      | Learned a level 2 spell: Throw Flame
  7681 | D:6      | Noticed Menkaure
  7688 | D:6      | Killed Menkaure
  7838 | D:6      | Noticed Grinder
  7942 | D:6      | Killed Grinder
  7942 | D:6      | Reached skill level 7 in Spellcasting
  8107 | D:6      | Noticed Blork the orc
  8112 | D:6      | Killed Blork the orc
  8413 | D:6      | Found a basalt altar of Yredelemnul.
  9043 | D:7      | Offered knowledge of Ignite Poison by Vehumet.
  9302 | D:7      | Found Saezou's Weapon Shoppe.
  9417 | D:7      | Found a shimmering altar of Xom.
  9454 | D:7      | Reached skill level 1 in Fire Magic
 10001 | D:8      | Noticed Erolcha
 10026 | D:8      | Killed Erolcha
 10026 | D:8      | Reached skill level 5 in Conjurations
 10026 | D:8      | Reached skill level 5 in Evocations
 10026 | D:8      | Reached XP level 10. HP: 72/74 MP: 10/21
 10601 | D:9      | Reached skill level 5 in Dodging
 10683 | D:9      | Reached **** piety under Vehumet
 10690 | D:9      | Noticed Joseph
 10713 | D:9      | Killed Joseph
 10861 | D:9      | Found a shimmering altar of Xom.
 10878 | D:9      | Offered knowledge of Iskenderun's Mystic Blast by Vehumet.
 10908 | D:9      | Learned a level 4 spell: Iskenderun's Mystic Blast
 10926 | D:9      | Found a staircase to the Orcish Mines.
 11196 | D:9      | Found a staircase to the Lair.
 11196 | D:9      | Noticed an elephant
 11225 | D:9      | Killed an elephant
 11225 | D:9      | Reached skill level 5 in Poison Magic
 11470 | D:9      | Reached skill level 8 in Spellcasting
 11968 | Orc:1    | Entered Level 1 of the Orcish Mines
 12040 | Orc:1    | Reached ***** piety under Vehumet
 12044 | Orc:1    | Offered knowledge of Throw Icicle by Vehumet.
 12077 | Orc:1    | Noticed Erica
 12092 | Orc:1    | Killed Erica
 12744 | Orc:1    | Reached XP level 11. HP: 82/82 MP: 20/23
 12751 | Orc:1    | Learned a level 4 spell: Throw Icicle
 12791 | Orc:1    | Slain by an ogre

Action                   |  1- 3 |  4- 6 |  7- 9 | 10-12 || total
-------------------------+-------+-------+-------+-------++-------
Melee: Dagger            |   106 |    28 |   235 |   215 ||   584
       Unarmed           |    10 |       |       |       ||    10
       Rapier            |       |     5 |       |       ||     5
       Staff             |       |       |     9 |       ||     9
Throw: Stone             |       |       |       |    18 ||    18
 Cast: Magic Dart        |    48 |    32 |    53 |     5 ||   138
       Call Imp          |     6 |    16 |    41 |       ||    63
       Blink             |     1 |     2 |    10 |       ||    13
       Sting             |       |    82 |    40 |    27 ||   149
       Mephitic Cloud    |       |     3 |    17 |     8 ||    28
       Throw Flame       |       |       |    46 |    23 ||    69
       Freeze            |       |       |     3 |     3 ||     6
       Iskenderun's Myst |       |       |       |    17 ||    17
       Conjure Flame     |       |       |       |     2 ||     2
 Abil: Breathe Noxious F |       |       |     8 |     8 ||    16
       Evoke Flight      |       |       |       |     1 ||     1
  Use: Scroll            |     9 |       |     4 |       ||    13
       Potion            |     3 |       |       |       ||     3
 Stab: Sleeping          |     1 |       |     3 |     1 ||     5
       Confused          |       |       |     7 |    14 ||    21
  Eat: Chunk             |     4 |     9 |    17 |    13 ||    43
       Fruit             |       |       |     1 |       ||     1
